 Dungeon Crawl Stone Soup version 0.21.1-1-g345015f (webtiles) character file.

398 keltmir the Cudgeler (level 6, -1/48 HPs)
             Began as a Demonspawn Fighter on Mar 25, 2018.
             Slain by an ice beast (14 damage)
             ... on level 5 of the Dungeon.
             The game lasted 00:16:19 (6335 turns).

keltmir the Cudgeler (Demonspawn Fighter)           Turns: 6335, Time: 00:16:20

Health: -1/48      AC:  7    Str: 18 (19) XL:     6   Next: 53%
Magic:  6/6        EV:  7    Int:  8 (9)  God:
Gold:   213        SH:  8    Dex: 12 (14) Spells: 5/5 levels left

rFire    . . .     SeeInvis .   a - +0 flail
rCold    . . .     Gourm    .   c - +0 shield
rNeg     . . .     Faith    .   b - +1 scale mail
rPois    .         Spirit   .   (no helmet)
rElec    .         Reflect  .   (no cloak)
rCorr    +         Harm     .   (no gloves)
MR       .....                  (no boots)
Stlth    ..........             (no amulet)
HPRegen  0.16/turn              d - ring of resist corrosion
MPRegen  0.10/turn              j - ring of wizardry

@: no status effects
A: thin skeletal structure 1, powered by death 1
a: no special abilities


You were on level 5 of the Dungeon.
You were near starving.

You visited 1 branch of the dungeon, and saw 5 of its levels.

You collected 213 gold pieces.

Inventory:

Hand Weapons
 a - a +0 flail (weapon)
Armour
 b - a +1 scale mail (worn)
 c - a +0 shield (worn)
Jewellery
 d - a ring of resist corrosion (left hand)
 j - a ring of wizardry (right hand)
 r - an uncursed ring of resist corrosion
Wands
 o - a wand of polymorph (8)
 p - a wand of random effects (24)
Scrolls
 g - 2 scrolls of remove curse
Potions
 e - 2 potions of curing
 i - a potion of invisibility {unknown}
 k - a potion of flight {unknown}
 l - a potion of mutation {unknown}
 m - a potion of cancellation {unknown}
Comestibles
 f - 6 rations


   Skills:
 + Level 4.0 Fighting
 * Level 5.3 Maces & Flails
 + Level 3.6 Armour
 - Level 2.6 Shields


You had 5 spell levels left.
You didn't know any spells.

Dungeon Overview and Level Annotations

Branches:
Dungeon (5/15)
 Temple: D:4-7

Altars:
Ashenzari
Gozag
Qazlal
Wu Jian
Xom

Annotations:
D:4 Gurps's ghost, amateur HOFi


Innate Abilities, Weirdness & Mutations

You have a somewhat thin skeletal structure. (Dex +2, Stealth)
You regenerate a little health from kills.


Message History

The ice beast hits you. The ice beast freezes you!
You block the ice beast's attack.
You hit the ice beast.
The ice beast is heavily wounded.
The ice beast barely misses you.
You closely miss the ice beast.
The ice beast is heavily wounded.
You block the ice beast's attack.
You closely miss the ice beast.
The ice beast is heavily wounded.
The ice beast hits you. The ice beast freezes you!
You hit the ice beast but do no damage.
The ice beast is heavily wounded.
The ice beast barely misses you.
You hit the ice beast but do no damage.
The ice beast is heavily wounded.
The ice beast hits you.
* * * LOW HITPOINT WARNING * * *
The ice beast freezes you!
You die...

####### #<....#
#####
#####)#####...# .
#@#.....#.# ..
#.Y.....#.# ...
###.......# ....
#........#.......
#........'.....Y
#.####''####...
#.#.....(..# .###
#.#.##..##.#.....
#.#.#⌠..⌠#.#..#


You could see an ice beast.

Vanquished Creatures
  An ogre (D:5)
  A scorpion (D:4)
  An orc priest (D:3)
  2 orc wizards
  A worker ant (D:4)
  A hound skeleton (D:4)
  6 adders
  2 dart slugs (D:1)
  A leopard gecko (D:3)
  8 orcs
  A ball python (D:3)
  11 bats
  2 giant cockroaches
  10 goblins
  7 hobgoblins
  3 jackals (D:3)
  A quokka (D:3)
  A ball python skeleton (D:4)
  8 frilled lizards
  A jackal skeleton (D:5)
  6 kobolds
  A quokka zombie (D:5)
  6 rats
82 creatures vanquished.

Notes
Turn   | Place    | Note
-------+----------+-------------------------------------------
     0 | D:1      | keltmir the Demonspawn Fighter began the quest for the Orb.
     0 | D:1      | Reached XP level 1. HP: 18/18 MP: 1/1
    40 | D:1      | Reached skill level 2 in Maces & Flails
   176 | D:1      | Gained mutation: You regenerate a little health from kills. [demonic ancestry]
   176 | D:1      | Reached XP level 2. HP: 24/24 MP: 2/2
   691 | D:1      | Reached skill level 3 in Maces & Flails
   953 | D:1      | Reached XP level 3. HP: 26/29 MP: 3/3
  1530 | D:2      | Found a shimmering altar of Xom.
  1604 | D:2      | Found a shattered altar of Ashenzari.
  1694 | D:2      | Found an ornate altar of the Wu Jian Council.
  1774 | D:2      | Found an opulent altar of Gozag.
  2088 | D:3      | Reached skill level 4 in Maces & Flails
  2088 | D:3      | Reached XP level 4. HP: 27/35 MP: 4/4
  2907 | D:3      | Reached XP level 5. HP: 4/41 MP: 5/5
  3265 | D:3      | Found a faded altar of an unknown god.
  3788 | D:4      | Found a stormy altar of Qazlal.
  3965 | D:4      | Noticed Gurps's ghost (amateur HOFi)
  4003 | D:4      | Gained mutation: You have a somewhat thin skeletal structure. (Dex +2, Stealth) [demonic ancestry]
  4003 | D:4      | Reached XP level 6. HP: 22/48 MP: 6/6
  4029 | D:5      | Entered Level 5 of the Dungeon
  5030 | D:4      | Reached skill level 5 in Maces & Flails
  5077 | D:5      | Noticed a sky beast
  6311 | D:5      | Noticed an ice beast
  6335 | D:5      | Slain by an ice beast

Skill      XL: |  1  2  3  4  5  6 |
---------------+-------------------+-----
Maces & Flails | 2 3 4 5 |  5.3
Armour         | 3 |  3.6
Fighting       | 4 |  4.0
Shields        | |  2.6

Action                   |  1- 3 |  4- 6 || total
-------------------------+-------+-------++-------
Melee: Flail             |   154 |   184 ||   338
  Use: Scroll            |     5 |     2 ||     7
       Potion            |     2 |     1 ||     3
  Eat: Chunk             |     4 |     5 ||     9
       Ration            |       |     2 ||     2
Armor: Scale mail        |    86 |    86 ||   172
Dodge: Dodged            |    46 |    75 ||   121
Block: Shield            |    88 |   105 ||   193
